%YAML 1.1
%TAG !u! tag:unity3d.com,2011:
--- !u!1 &6976545318884826233
GameObject:
  m_ObjectHideFlags: 0
  m_CorrespondingSourceObject: {fileID: 0}
  m_PrefabInstance: {fileID: 0}
  m_PrefabAsset: {fileID: 0}
  serializedVersion: 6
  m_Component:
  - component: {fileID: 1016748937520777558}
  - component: {fileID: 7190755610574144181}
  - component: {fileID: 4982945133595471865}
  - component: {fileID: 2257950558567040310}
  m_Layer: 0
  m_Name: PF_AE_Platform_Flying
  m_TagString: Untagged
  m_Icon: {fileID: 0}
  m_NavMeshLayer: 0
  m_StaticEditorFlags: 0
  m_IsActive: 1
--- !u!4 &1016748937520777558
Transform:
  m_ObjectHideFlags: 0
  m_CorrespondingSourceObject: {fileID: 0}
  m_PrefabInstance: {fileID: 0}
  m_PrefabAsset: {fileID: 0}
  m_GameObject: {fileID: 6976545318884826233}
  m_LocalRotation: {x: 0, y: 0, z: 0, w: 1}
  m_LocalPosition: {x: 0, y: 0, z: 0}
  m_LocalScale: {x: 1, y: 1, z: 1}
  m_Children:
  - {fileID: 6984422628996013655}
  - {fileID: 9094707397553435711}
  - {fileID: 1910654908711107263}
  m_Father: {fileID: 0}
  m_RootOrder: 0
  m_LocalEulerAnglesHint: {x: 0, y: 0, z: 0}
--- !u!65 &7190755610574144181
BoxCollider:
  m_ObjectHideFlags: 0
  m_CorrespondingSourceObject: {fileID: 0}
  m_PrefabInstance: {fileID: 0}
  m_PrefabAsset: {fileID: 0}
  m_GameObject: {fileID: 6976545318884826233}
  m_Material: {fileID: 0}
  m_IsTrigger: 0
  m_Enabled: 1
  serializedVersion: 2
  m_Size: {x: 1, y: 1, z: 1}
  m_Center: {x: 0, y: 0, z: 0}
--- !u!114 &4982945133595471865
MonoBehaviour:
  m_ObjectHideFlags: 0
  m_CorrespondingSourceObject: {fileID: 0}
  m_PrefabInstance: {fileID: 0}
  m_PrefabAsset: {fileID: 0}
  m_GameObject: {fileID: 6976545318884826233}
  m_Enabled: 1
  m_EditorHideFlags: 0
  m_Script: {fileID: 11500000, guid: da7ae930c42d3c542811f007fd13d3c3, type: 3}
  m_Name: 
  m_EditorClassIdentifier: 
  _tileState: 0
  _notcheck: 0
  isInPath: 0
  _walkable: 1
  Selectable: 1
  parentSelf: {fileID: 0}
--- !u!114 &2257950558567040310
MonoBehaviour:
  m_ObjectHideFlags: 0
  m_CorrespondingSourceObject: {fileID: 0}
  m_PrefabInstance: {fileID: 0}
  m_PrefabAsset: {fileID: 0}
  m_GameObject: {fileID: 6976545318884826233}
  m_Enabled: 1
  m_EditorHideFlags: 0
  m_Script: {fileID: 11500000, guid: 4599ba66cf39aa24bbecda5165c9777f, type: 3}
  m_Name: 
  m_EditorClassIdentifier: 
  movementSpeed: 2
  smokeParticle: {fileID: 1010277787008156170}
--- !u!1001 &2708655342205039949
PrefabInstance:
  m_ObjectHideFlags: 0
  serializedVersion: 2
  m_Modification:
    m_TransformParent: {fileID: 1016748937520777558}
    m_Modifications:
    - target: {fileID: -4216859302048453862, guid: bb9ff5f138520064b8e1a9482b3821c1,
        type: 3}
      propertyPath: m_LocalPosition.x
      value: -0
      objectReference: {fileID: 0}
    - target: {fileID: -4216859302048453862, guid: bb9ff5f138520064b8e1a9482b3821c1,
        type: 3}
      propertyPath: m_LocalPosition.y
      value: 0
      objectReference: {fileID: 0}
    - target: {fileID: -4216859302048453862, guid: bb9ff5f138520064b8e1a9482b3821c1,
        type: 3}
      propertyPath: m_LocalPosition.z
      value: 0
      objectReference: {fileID: 0}
    - target: {fileID: -4216859302048453862, guid: bb9ff5f138520064b8e1a9482b3821c1,
        type: 3}
      propertyPath: m_LocalRotation.x
      value: 0
      objectReference: {fileID: 0}
    - target: {fileID: -4216859302048453862, guid: bb9ff5f138520064b8e1a9482b3821c1,
        type: 3}
      propertyPath: m_LocalRotation.y
      value: -0
      objectReference: {fileID: 0}
    - target: {fileID: -4216859302048453862, guid: bb9ff5f138520064b8e1a9482b3821c1,
        type: 3}
      propertyPath: m_LocalRotation.z
      value: -0
      objectReference: {fileID: 0}
    - target: {fileID: -4216859302048453862, guid: bb9ff5f138520064b8e1a9482b3821c1,
        type: 3}
      propertyPath: m_LocalRotation.w
      value: 1
      objectReference: {fileID: 0}
    - target: {fileID: -4216859302048453862, guid: bb9ff5f138520064b8e1a9482b3821c1,
        type: 3}
      propertyPath: m_RootOrder
      value: 0
      objectReference: {fileID: 0}
    - target: {fileID: -4216859302048453862, guid: bb9ff5f138520064b8e1a9482b3821c1,
        type: 3}
      propertyPath: m_LocalEulerAnglesHint.x
      value: 0
      objectReference: {fileID: 0}
    - target: {fileID: -4216859302048453862, guid: bb9ff5f138520064b8e1a9482b3821c1,
        type: 3}
      propertyPath: m_LocalEulerAnglesHint.y
      value: 0
      objectReference: {fileID: 0}
    - target: {fileID: -4216859302048453862, guid: bb9ff5f138520064b8e1a9482b3821c1,
        type: 3}
      propertyPath: m_LocalEulerAnglesHint.z
      value: 0
      objectReference: {fileID: 0}
    - target: {fileID: -1504981713932161579, guid: bb9ff5f138520064b8e1a9482b3821c1,
        type: 3}
      propertyPath: m_Materials.Array.data[0]
      value: 
      objectReference: {fileID: 2100000, guid: 3b6a489beaaf99f4db2a033a0d06f44c, type: 2}
    - target: {fileID: -927199367670048503, guid: bb9ff5f138520064b8e1a9482b3821c1,
        type: 3}
      propertyPath: m_Name
      value: AE_Platform_Flying
      objectReference: {fileID: 0}
    - target: {fileID: -927199367670048503, guid: bb9ff5f138520064b8e1a9482b3821c1,
        type: 3}
      propertyPath: m_IsActive
      value: 0
      objectReference: {fileID: 0}
    m_RemovedComponents: []
  m_SourcePrefab: {fileID: 100100000, guid: bb9ff5f138520064b8e1a9482b3821c1, type: 3}
--- !u!4 &6984422628996013655 stripped
Transform:
  m_CorrespondingSourceObject: {fileID: -4216859302048453862, guid: bb9ff5f138520064b8e1a9482b3821c1,
    type: 3}
  m_PrefabInstance: {fileID: 2708655342205039949}
  m_PrefabAsset: {fileID: 0}
--- !u!1001 &4272879205681962789
PrefabInstance:
  m_ObjectHideFlags: 0
  serializedVersion: 2
  m_Modification:
    m_TransformParent: {fileID: 1016748937520777558}
    m_Modifications:
    - target: {fileID: -4216859302048453862, guid: 8f1d99c28d4a5194fa1b47e09ac3b5c4,
        type: 3}
      propertyPath: m_LocalPosition.x
      value: 0
      objectReference: {fileID: 0}
    - target: {fileID: -4216859302048453862, guid: 8f1d99c28d4a5194fa1b47e09ac3b5c4,
        type: 3}
      propertyPath: m_LocalPosition.y
      value: 0
      objectReference: {fileID: 0}
    - target: {fileID: -4216859302048453862, guid: 8f1d99c28d4a5194fa1b47e09ac3b5c4,
        type: 3}
      propertyPath: m_LocalPosition.z
      value: 0
      objectReference: {fileID: 0}
    - target: {fileID: -4216859302048453862, guid: 8f1d99c28d4a5194fa1b47e09ac3b5c4,
        type: 3}
      propertyPath: m_LocalRotation.x
      value: 0
      objectReference: {fileID: 0}
    - target: {fileID: -4216859302048453862, guid: 8f1d99c28d4a5194fa1b47e09ac3b5c4,
        type: 3}
      propertyPath: m_LocalRotation.y
      value: -0
      objectReference: {fileID: 0}
    - target: {fileID: -4216859302048453862, guid: 8f1d99c28d4a5194fa1b47e09ac3b5c4,
        type: 3}
      propertyPath: m_LocalRotation.z
      value: -0
      objectReference: {fileID: 0}
    - target: {fileID: -4216859302048453862, guid: 8f1d99c28d4a5194fa1b47e09ac3b5c4,
        type: 3}
      propertyPath: m_LocalRotation.w
      value: 1
      objectReference: {fileID: 0}
    - target: {fileID: -4216859302048453862, guid: 8f1d99c28d4a5194fa1b47e09ac3b5c4,
        type: 3}
      propertyPath: m_RootOrder
      value: 1
      objectReference: {fileID: 0}
    - target: {fileID: -4216859302048453862, guid: 8f1d99c28d4a5194fa1b47e09ac3b5c4,
        type: 3}
      propertyPath: m_LocalEulerAnglesHint.x
      value: 0
      objectReference: {fileID: 0}
    - target: {fileID: -4216859302048453862, guid: 8f1d99c28d4a5194fa1b47e09ac3b5c4,
        type: 3}
      propertyPath: m_LocalEulerAnglesHint.y
      value: 0
      objectReference: {fileID: 0}
    - target: {fileID: -4216859302048453862, guid: 8f1d99c28d4a5194fa1b47e09ac3b5c4,
        type: 3}
      propertyPath: m_LocalEulerAnglesHint.z
      value: 0
      objectReference: {fileID: 0}
    - target: {fileID: -927199367670048503, guid: 8f1d99c28d4a5194fa1b47e09ac3b5c4,
        type: 3}
      propertyPath: m_Name
      value: SM_Falling_Platform
      objectReference: {fileID: 0}
    m_RemovedComponents: []
  m_SourcePrefab: {fileID: 100100000, guid: 8f1d99c28d4a5194fa1b47e09ac3b5c4, type: 3}
--- !u!4 &9094707397553435711 stripped
Transform:
  m_CorrespondingSourceObject: {fileID: -4216859302048453862, guid: 8f1d99c28d4a5194fa1b47e09ac3b5c4,
    type: 3}
  m_PrefabInstance: {fileID: 4272879205681962789}
  m_PrefabAsset: {fileID: 0}
--- !u!1001 &4734603342104895433
PrefabInstance:
  m_ObjectHideFlags: 0
  serializedVersion: 2
  m_Modification:
    m_TransformParent: {fileID: 1016748937520777558}
    m_Modifications:
    - target: {fileID: 5742523750345924035, guid: d3e3568698e1ca141bb878fd7ea4aebd,
        type: 3}
      propertyPath: m_Name
      value: SmokeFallingPlatform
      objectReference: {fileID: 0}
    - target: {fileID: 6570947722489030006, guid: d3e3568698e1ca141bb878fd7ea4aebd,
        type: 3}
      propertyPath: m_LocalPosition.x
      value: 0
      objectReference: {fileID: 0}
    - target: {fileID: 6570947722489030006, guid: d3e3568698e1ca141bb878fd7ea4aebd,
        type: 3}
      propertyPath: m_LocalPosition.y
      value: -0.148
      objectReference: {fileID: 0}
    - target: {fileID: 6570947722489030006, guid: d3e3568698e1ca141bb878fd7ea4aebd,
        type: 3}
      propertyPath: m_LocalPosition.z
      value: -0
      objectReference: {fileID: 0}
    - target: {fileID: 6570947722489030006, guid: d3e3568698e1ca141bb878fd7ea4aebd,
        type: 3}
      propertyPath: m_LocalRotation.x
      value: 0.7071068
      objectReference: {fileID: 0}
    - target: {fileID: 6570947722489030006, guid: d3e3568698e1ca141bb878fd7ea4aebd,
        type: 3}
      propertyPath: m_LocalRotation.y
      value: 0
      objectReference: {fileID: 0}
    - target: {fileID: 6570947722489030006, guid: d3e3568698e1ca141bb878fd7ea4aebd,
        type: 3}
      propertyPath: m_LocalRotation.z
      value: 0
      objectReference: {fileID: 0}
    - target: {fileID: 6570947722489030006, guid: d3e3568698e1ca141bb878fd7ea4aebd,
        type: 3}
      propertyPath: m_LocalRotation.w
      value: 0.7071068
      objectReference: {fileID: 0}
    - target: {fileID: 6570947722489030006, guid: d3e3568698e1ca141bb878fd7ea4aebd,
        type: 3}
      propertyPath: m_RootOrder
      value: 2
      objectReference: {fileID: 0}
    - target: {fileID: 6570947722489030006, guid: d3e3568698e1ca141bb878fd7ea4aebd,
        type: 3}
      propertyPath: m_LocalEulerAnglesHint.x
      value: 90
      objectReference: {fileID: 0}
    - target: {fileID: 6570947722489030006, guid: d3e3568698e1ca141bb878fd7ea4aebd,
        type: 3}
      propertyPath: m_LocalEulerAnglesHint.y
      value: 0
      objectReference: {fileID: 0}
    - target: {fileID: 6570947722489030006, guid: d3e3568698e1ca141bb878fd7ea4aebd,
        type: 3}
      propertyPath: m_LocalEulerAnglesHint.z
      value: 0
      objectReference: {fileID: 0}
    m_RemovedComponents: []
  m_SourcePrefab: {fileID: 100100000, guid: d3e3568698e1ca141bb878fd7ea4aebd, type: 3}
--- !u!1 &1010277787008156170 stripped
GameObject:
  m_CorrespondingSourceObject: {fileID: 5742523750345924035, guid: d3e3568698e1ca141bb878fd7ea4aebd,
    type: 3}
  m_PrefabInstance: {fileID: 4734603342104895433}
  m_PrefabAsset: {fileID: 0}
--- !u!4 &1910654908711107263 stripped
Transform:
  m_CorrespondingSourceObject: {fileID: 6570947722489030006, guid: d3e3568698e1ca141bb878fd7ea4aebd,
    type: 3}
  m_PrefabInstance: {fileID: 4734603342104895433}
  m_PrefabAsset: {fileID: 0}
